 Dungeon Crawl Stone Soup version 0.29-a0-1023-g6ae1a4a2c7 (webtiles) character file.

Game seed: 13273146300235491404

174 pascalblue the Chiller (level 5, 0/63 HPs)
             Began as a Deep Elf Ice Elementalist on Aug 11, 2022.
             Succumbed to a scorpion's poison
             ... on level 4 of the Dungeon.
             The game lasted 00:08:41 (3426 turns).

pascalblue the Chiller (Deep Elf Ice Elementalist)  Turns: 3426, Time: 00:08:42

Health: 0/63       AC: 22    Str:  5    XL:     5   Next: 28%
Magic:  9/14       EV:  2    Int: 22    God:
Gold:   95         SH:  0    Dex: 15    Spells: 6/13 levels left

rFire   . . .      SeeInvis .   e - +0 short sword (freeze)
rCold   . . .      Faith    .   (no shield)
rNeg    . . .      Spirit   .   (body armour currently unavailable)
rPois   +          Reflect  .   (helmet currently unavailable)
rElec   .          Harm     .   (cloak currently unavailable)
rCorr   .          Rampage  .   (gloves currently unavailable)
Will    .....      NoTele   +   (boots currently unavailable)
Stlth   ..........              (no amulet)
HPRegen 0.20/turn               (no ring)
MPRegen 0.14/turn               (no ring)

@: berserking, lethally poisoned (0 -> -10), tree-form, very quick
A: stationary, stasis, torment immunity, boosted hp
a: no special abilities


You were on level 4 of the Dungeon.
You were a tree.
You visited 1 branch of the dungeon, and saw 4 of its levels.

You collected 95 gold pieces.

Inventory:

Hand Weapons
 e - a +0 short sword of freezing (weapon)
Missiles
 f - 30 stones
 m - 6 poisoned darts
Armour
 a - a +0 robe (melded)
 d - a +1 pair of boots (melded)
Jewellery
 h - an amulet of guardian spirit
Scrolls
 l - 3 scrolls of identify
Potions
 b - 2 potions of magic
 c - 2 potions of flight
 j - a potion of degeneration
 k - a potion of cancellation


   Skills:
 - Level 3.0 Dodging
 - Level 3.0 Stealth
 + Level 4.8 Spellcasting
 * Level 6.1 Ice Magic


You had 6 spell levels left.
You knew the following spells:

 Your Spells              Type           Power      Damage    Failure   Level
a - Freeze                Ice            100%       1d11      1%          1
b - Frozen Ramparts       Ice            64%        1d10      2%          3
c - Ozocubu's Armour      Ice            32%        N/A       2%          3

Your spell library contained the following spells:

 Spells                   Type           Power      Damage    Failure   Level
 Foxfire                  Conj/Fire      20%        2x1d5     11%         1
 Magic Dart               Conj           20%        1d4       11%         1
 Call Imp                 Summ           5%         N/A       16%         2
 Hailstorm                Conj/Ice       18%        3d6       28%         4
 Conjure Flame            Conj/Fire      5%         6-21      30%         3
 Gell's Gravitas          Tloc           5%         N/A       30%         3
 Inner Flame              Hex/Fire       5%         N/A       30%         3
 Lesser Beckoning         Tloc           5%         N/A       30%         3
 Mephitic Cloud           Conj/Pois/Air  5%         N/A       30%         3
 Teleport Other           Tloc           5%         N/A       30%         3
 Flame Wave               Conj/Fire      5%         2d5       71%         4
 Freezing Cloud           Conj/Ice/Air   7%         6-21      77%         5
 Simulacrum               Ice/Necr       9%         N/A       99%         6
 Polar Vortex             Ice            16%        N/A       100%        9


Dungeon Overview and Level Annotations

Branches:
Dungeon (4/15)
 Temple: D:4-7

Altars:
Qazlal


Message History

Aiming: Freeze (safe; 1% risk of failure)
Press: ? - help, Shift-Dir - straight line, f/p - scorpion
Aim: a scorpion (moderately wounded)
You freeze the scorpion.
The scorpion is moderately wounded.
You feel sick. The scorpion stings you.
You are more poisoned.
The scorpion poisons you! The scorpion stings you.
You are more poisoned.
The scorpion poisons you!
Casting: Freeze (safe; 1% risk of failure)
Confirm with . or Enter, or press ? or * to list all spells.
Aiming: Freeze (safe; 1% risk of failure)
Press: ? - help, Shift-Dir - straight line, f/p - scorpion
Aim: a scorpion (moderately wounded)
You freeze the scorpion!
The scorpion is almost dead.
* * * LOW HITPOINT WARNING * * *
You feel very sick. The scorpion misses you.
Casting: Freeze (safe; 1% risk of failure)
Confirm with . or Enter, or press ? or * to list all spells.
Aiming: Freeze (safe; 1% risk of failure)
Press: ? - help, Shift-Dir - straight line, f/p - scorpion
Aim: a scorpion (almost dead)
You freeze the scorpion!
You kill the scorpion!
* * * LOW HITPOINT WARNING * * *
You feel very sick.
Your Ice Magic skill increases to level 6!
You have reached level 5!
Really quaff the potion of lignification?
You turn into a tree.
Your +1 pair of boots melds into your body.
Your +0 robe melds into your body.
Your roots penetrate the ground.
* * * LOW HITPOINT WARNING * * *
You feel very sick.
A red film seems to cover your vision as you go berserk!
You feel yourself moving faster!
You feel mighty!
You die...

#.......#####
#...........# ##
#.......##### #.
#....<..# . #.......# .#
#####.......# ####.#
......####### #....##...
##..#.# #######.......#
#.....####......♣..#....#
#.#+#......#####.....#...
#. #......# ###....# . .
#....#.# .#### #..#.#.#
.. ##.#...# ... #.###..
#... #.# #.#. ... #.# #.#


There were no monsters in sight!

Vanquished Creatures
  A scorpion (D:4)
  2 adders (D:2)
  3 gnolls
  A worm (D:2)
  2 dart slugs
  3 orcs (D:3)
  4 ball pythons
  2 bats (D:2)
  5 endoplasms
  2 giant cockroaches
  7 goblins
  7 hobgoblins
  3 jackals (D:2)
  4 quokkas
  A frilled lizard (D:2)
  3 kobolds (D:1)
50 creatures vanquished.

Notes
Turn   | Place    | Note
-------+----------+-------------------------------------------
     0 | D:1      | pascalblue the Deep Elf Ice Elementalist began the quest
                  | for the Orb.
     0 | D:1      | Reached XP level 1. HP: 10/10 MP: 6/6
   516 | D:1      | Reached XP level 2. HP: 15/15 MP: 5/8
   626 | D:1      | Found a faded altar of an unknown god.
  1037 | D:1      | Reached XP level 3. HP: 2/19 MP: 2/10
  1320 | D:1      | Learned a level 3 spell: Frozen Ramparts
  1324 | D:1      | Learned a level 3 spell: Ozocubu's Armour
  1337 | D:2      | Reached skill level 5 in Ice Magic
  1673 | D:2      | Reached XP level 4. HP: 23/24 MP: 9/12
  2406 | D:3      | Found a stormy altar of Qazlal.
  3417 | D:4      | Noticed a scorpion
  3424 | D:4      | Killed a scorpion
  3425 | D:4      | Reached skill level 6 in Ice Magic
  3425 | D:4      | Reached XP level 5. HP: 2/28 MP: 8/14
  3425 | D:4      | HP: 1/42 [poisoned by a scorpion]
  3426 | D:4      | Succumbed to a scorpion's poison

Illustrated notes

Levels and vault maps discovered:
D:1:      dpeg_arrival_tiny_g, layout_basic,
          hellmonk_ecumenical_altar_prayer_group
D:2:      layout_loops_ring, minmay_tripent
D:3:      layout_loops_corners, nicolae_qazlal_general_emergency
D:4:      layout_rooms, grunt_temple_overflow_opulence,
          mainiacjoe_overflow_surrounded_room, minmay_temple_entry_arrows,
          minmay_pentangle

Skill      XL: |  1  2  3  4 |
---------------+-------------+-----
Stealth        | 3 |  3.0
Dodging        | 3 |  3.0
Ice Magic      | 5 6 |  6.1
Spellcasting   | 4 |  4.8

Action                   |  1- 3 |  4- 6 || total
-------------------------+-------+-------++-------
Melee: Short sword       |     2 |     3 ||     5
 Cast: Freeze            |    44 |    34 ||    78
  Use: Scroll            |     5 |     5 ||    10
       Potion            |       |     2 ||     2
Armor: Robe              |    10 |     3 ||    13
Dodge: Dodged            |    37 |    16 ||    53

Table legend: (Time is in decaauts)
 A = Elapsed time spent in this place.
 B = Non-inter-level travel time spent in this place.
 C = Inter-level travel time spent in this place.
 D = Time resting spent in this place.
 E = Time spent auto-exploring this place.
 F = Levels seen in this place.
 G = Mean time per level.
                   A        B        C        D        E       F      G
               +--------+--------+--------+--------+--------+-----+--------+
         Total |   3427 |   3328 |     99 |    373 |   2541 |   4 |  856.8 |
       Dungeon |   3427 |   3328 |     99 |    373 |   2541 |   4 |  856.8 |
               +--------+--------+--------+--------+--------+-----+--------+

Top non-repeatable levels by time:
     D:1: 1288 daAuts
     D:3: 1068 daAuts
     D:2: 1026 daAuts
     D:4: 43 daAuts
